[Event "RUS-chT Women Rapid 2019"]
[Site "Sochi"]
[Date "2019.10.18"]
[Round "1.1"]
[White "Pogonina, Natalija"]
[Black "Nasybullina, Alfia"]
[Result "1-0"]
[ECO "A45"]
[WhiteElo "2479"]
[BlackElo "2132"]
[Annotator "ChessBase"]
[PlyCount "51"]
[EventDate "2019.10.18"]
[EventType "swiss"]
[EventCountry "RUS"]
[SourceTitle "playchess.com"]
[Source "ChessBase"]
[SourceQuality "1"]
[TimeControl "900+10"]

1. d4 Nf6 2. g3 d5 3. Bg2 e6 4. c4 c6 5. Qc2 Be7 6. Nf3 O-O 7. O-O b6 8. Nbd2 Bb7 9. e4 dxc4 10. Nxc4 c5 11. e5 Nd5 12. a3 Nc6 13. dxc5 Bxc5 14. Ng5 g6 15. Nf3 Nd4 16. Nxd4 Bxd4 17. Rd1 Bc5 18. b4 Be7 19. Bh6 Re8 20. Qb2 Rc8 21. Rac1 b5 22. Ne3 Rxc1 23. Qxc1 Bg5 24. Bxg5 Qxg5 25. Nxd5 Qxc1 26. Nf6+ 1-0

[Event "RUS-chT Women Rapid 2019"]
[Site "Sochi"]
[Date "2019.10.18"]
[Round "1.2"]
[White "Mukhina, Jana"]
[Black "Girya, Olga"]
[Result "0-1"]
[ECO "B19"]
[WhiteElo "2105"]
[BlackElo "2476"]
[Annotator "ChessBase"]
[PlyCount "64"]
[EventDate "2019.10.18"]
[EventType "swiss"]
[EventCountry "RUS"]
[SourceTitle "playchess.com"]
[Source "ChessBase"]
[SourceQuality "1"]
[TimeControl "900+10"]

1. e4 c6 2. d4 d5 3. Nc3 dxe4 4. Nxe4 Bf5 5. Ng3 Bg6 6. h4 h6 7. Nf3 Nd7 8. h5 Bh7 9. Bd3 Bxd3 10. Qxd3 e6 11. Bd2 Ngf6 12. O-O-O Be7 13. Kb1 Qc7 14. Ne4 Rd8 15. g3 O-O 16. g4 Nxg4 17. Rdg1 f5 18. Rxg4 fxg4 19. Nh2 Ne5 20. Qc3 Nf3 21. Nxf3 Rxf3 22. Qc4 Qd7 23. Rg1 Qd5 24. Qe2 Qxh5 25. Bc3 Qf5 26. Ng3 Qd5 27. Nf1 Rdf8 28. Ne3 Qb5 29. Qe1 h5 30. Nxg4 hxg4 31. Qxe6+ R8f7 32. a4 Qf5 0-1

[Event "RUS-chT Women Rapid 2019"]
[Site "Sochi"]
[Date "2019.10.18"]
[Round "1.3"]
[White "Guseva, Marina"]
[Black "Mironenko, Galina"]
[Result "1/2-1/2"]
[ECO "E25"]
[WhiteElo "2366"]
[BlackElo "2236"]
[Annotator "NA"]
[PlyCount "54"]
[EventDate "2019.10.18"]
[EventType "swiss"]
[EventCountry "RUS"]
[SourceTitle "playchess.com"]
[Source "ChessBase"]
[SourceQuality "1"]
[TimeControl "900+10"]

1. d4 Nf6 2. c4 e6 3. Nc3 Bb4 4. f3 d5 5. a3 Bxc3+ 6. bxc3 c5 7. cxd5 Nxd5 8. dxc5 Qa5 9. e4 Nf6 10. Be3 O-O 11. Qb3 Nfd7 12. a4 Qc7 13. Qa3 b6 14. a5 bxc5 15. a6 c4 16. Qa5 Qxa5 17. Rxa5 Nc6 18. Ra2 Nde5 19. f4 Ng4 20. Bc5 Rd8 21. Bxc4 Rb8 22. Ke2 Rb1 23. Bd3 Rb3 24. Rc2 Rb1 25. Ra2 Rb3 26. Rc2 Rb1 27. Ra2 Rb3 1/2-1/2

[Event "RUS-chT Women Rapid 2019"]
[Site "Sochi"]
[Date "2019.10.18"]
[Round "1.4"]
[White "Filippova, Darya"]
[Black "Kovanova, Baira"]
[Result "1-0"]
[ECO "A25"]
[WhiteElo "2034"]
[BlackElo "2344"]
[Annotator "NA RC"]
[PlyCount "101"]
[EventDate "2019.10.18"]
[EventType "swiss"]
[EventCountry "RUS"]
[SourceTitle "playchess.com"]
[Source "ChessBase"]
[SourceQuality "1"]
[TimeControl "900+10"]

1. c4 e5 2. Nc3 Nc6 3. g3 Nf6 4. Bg2 Bc5 5. e3 O-O 6. Nge2 a6 7. O-O d6 8. a3 Bg4 9. b4 Ba7 10. d3 Qd7 11. Re1 Qf5 12. Ne4 Nxe4 13. dxe4 Qh5 14. Qd3 Nd8 15. Kh1 Ne6 16. Ng1 Ng5 17. f4 exf4 18. gxf4 Ne6 19. Ra2 Rfe8 20. Rf2 Nf8 21. Bf3 Bxf3+ 22. Nxf3 Ng6 23. Nd4 Qh4 24. Qc2 Qe7 25. f5 Nf8 26. Rf4 f6 27. Rg1 c5 28. bxc5 dxc5 29. Nf3 Qd7 30. Bb2 Kh8 31. Rfg4 Qf7 32. Rxg7 Qxg7 33. Rxg7 Kxg7 34. Qg2+ Kf7 35. e5 Rad8 36. e6+ Nxe6 37. fxe6+ Rxe6 38. Qg4 Rxe3 39. Qh5+ Ke6 40. Qh3+ Kd6 41. Qf5 Rde8 42. Qxf6+ R3e6 43. Qf4+ Kc6 44. Ne5+ Kb6 45. Bc3 R8e7 46. Qf5 Rd6 47. Nd3 Rc6 48. Nxc5 Kc7 49. Be5+ Kb6 50. Na4+ Ka5 51. Bd6+ 1-0

[Event "RUS-chT Women Rapid 2019"]
[Site "Sochi"]
[Date "2019.10.18"]
[Round "1.6"]
[White "Bivol, Alina"]
[Black "Absalyamova, Karina"]
[Result "1-0"]
[ECO "A25"]
[WhiteElo "2371"]
[BlackElo "1945"]
[Annotator "NA"]
[PlyCount "65"]
[EventDate "2019.10.18"]
[EventType "swiss"]
[EventCountry "RUS"]
[SourceTitle "playchess.com"]
[Source "ChessBase"]
[SourceQuality "1"]
[TimeControl "900+10"]

1. c4 e5 2. g3 Nc6 3. Bg2 g6 4. Nc3 Bg7 5. e3 Nge7 6. Nge2 d6 7. O-O O-O 8. d3 Be6 9. Nd5 f5 10. Rb1 a5 11. a3 Qd7 12. b4 axb4 13. axb4 Bxd5 14. cxd5 Na7 15. Bb2 Nb5 16. Qb3 Ra6 17. Ra1 Rfa8 18. Rxa6 Rxa6 19. Rc1 Nc8 20. Ra1 Rxa1+ 21. Bxa1 Nb6 22. Qa2 Qe8 23. e4 Qa8 24. Qxa8+ Nxa8 25. exf5 gxf5 26. Bh3 e4 27. d4 Na3 28. Bxf5 Nb6 29. Bxe4 Nbc4 30. Bd3 Nd2 31. Kg2 Nac4 32. Bc3 Kf7 33. Bxh7 1-0

[Event "RUS-chT Women Rapid 2019"]
[Site "Sochi"]
[Date "2019.10.18"]
[Round "1.7"]
[White "Idrisova, Roza"]
[Black "Maltsevskaya, Aleksandra"]
[Result "0-1"]
[ECO "E97"]
[WhiteElo "1945"]
[BlackElo "2333"]
[Annotator "NA"]
[PlyCount "64"]
[EventDate "2019.10.18"]
[EventType "swiss"]
[EventCountry "RUS"]
[SourceTitle "playchess.com"]
[Source "ChessBase"]
[SourceQuality "1"]
[TimeControl "900+10"]

1. d4 Nf6 2. Nf3 g6 3. c4 Bg7 4. Nc3 d6 5. e4 O-O 6. Be2 e5 7. O-O Nc6 8. d5 Ne7 9. Bg5 h6 10. Bxf6 Bxf6 11. b4 Bg7 12. c5 f5 13. cxd6 cxd6 14. Rc1 Rf7 15. Nd2 Kh7 16. a4 Ng8 17. a5 Nf6 18. Re1 Qe7 19. b5 Bd7 20. Qa4 Raf8 21. Qb4 h5 22. exf5 Bxf5 23. Bf3 Bh6 24. Rcd1 Bg4 25. Bxg4 Nxg4 26. Nde4 Qh4 27. h3 Nxf2 28. Rb1 Nd3 29. g3 Qxh3 30. Qxd6 Nxe1 31. Rxe1 Rf1+ 32. Rxf1 Rxf1# 0-1

[Event "RUS-chT Women Rapid 2019"]
[Site "Sochi"]
[Date "2019.10.18"]
[Round "1.8"]
[White "Obolentseva, Alexandra"]
[Black "Baiburina, Kamilla"]
[Result "1-0"]
[ECO "E38"]
[WhiteElo "2282"]
[BlackElo "1966"]
[Annotator "NA"]
[PlyCount "49"]
[EventDate "2019.10.18"]
[EventType "swiss"]
[EventCountry "RUS"]
[SourceTitle "playchess.com"]
[Source "ChessBase"]
[SourceQuality "1"]
[TimeControl "900+10"]

1. d4 Nf6 2. c4 e6 3. Nc3 Bb4 4. Qc2 c5 5. dxc5 Bxc5 6. Bf4 Be7 7. e3 b6 8. a3 O-O 9. Nb5 Na6 10. Nf3 Bb7 11. Nd6 Bxd6 12. Bxd6 Re8 13. b4 Ne4 14. Bg3 d5 15. Bd3 Rc8 16. Rd1 Qf6 17. Bxe4 dxe4 18. Nd2 Qg6 19. O-O Red8 20. Qa4 Rd3 21. c5 f5 22. Nc4 Qf6 23. Nd6 Rxd6 24. Rxd6 Nc7 25. Qxa7 1-0

[Event "RUS-chT Women Rapid 2019"]
[Site "Sochi"]
[Date "2019.10.18"]
[Round "1.9"]
[White "Tomilova, Elena"]
[Black "Semenova, Elena"]
[Result "1/2-1/2"]
[ECO "A15"]
[WhiteElo "2345"]
[BlackElo "2282"]
[Annotator "NA"]
[PlyCount "61"]
[EventDate "2019.10.18"]
[EventType "swiss"]
[EventCountry "RUS"]
[SourceTitle "playchess.com"]
[Source "ChessBase"]
[SourceQuality "1"]
[TimeControl "900+10"]

1. c4 Nf6 2. Nf3 e6 3. g3 d5 4. b3 d4 5. Bg2 c5 6. e3 Nc6 7. exd4 cxd4 8. O-O Bd6 9. d3 h6 10. Re1 O-O 11. Ba3 e5 12. b4 Re8 13. b5 Nb8 14. c5 Bc7 15. Nbd2 Nd5 16. Nc4 Nc3 17. Qb3 Nd7 18. Nd6 Bxd6 19. cxd6 Qb6 20. Rac1 Nxb5 21. Bh3 Nxa3 22. Qxa3 Nf6 23. Bxc8 Raxc8 24. Rb1 Qc6 25. Nxe5 Qd5 26. d7 Nxd7 27. Nxd7 Qxd7 28. Qxa7 Rxe1+ 29. Rxe1 Rc2 30. Qa5 Rc3 31. Rd1 1/2-1/2

[Event "RUS-chT Women Rapid 2019"]
[Site "Sochi"]
[Date "2019.10.18"]
[Round "1.11"]
[White "Vasilevich, Tatjana"]
[Black "Stroganova, Karina"]
[Result "1-0"]
[ECO "D20"]
[WhiteElo "2360"]
[BlackElo "1796"]
[Annotator "NA"]
[PlyCount "57"]
[EventDate "2019.10.18"]
[EventType "swiss"]
[EventCountry "RUS"]
[SourceTitle "playchess.com"]
[Source "ChessBase"]
[SourceQuality "1"]
[TimeControl "900+10"]

1. d4 d5 2. c4 dxc4 3. e3 e5 4. Bxc4 exd4 5. Nf3 Bb4+ 6. Bd2 Bxd2+ 7. Qxd2 Nf6 8. exd4 O-O 9. O-O Bg4 10. Ne5 Bf5 11. Nc3 Nbd7 12. Rfe1 Nb6 13. Bb3 Nfd7 14. Qf4 Qf6 15. Nxd7 Bxd7 16. Qxc7 Rac8 17. Qe5 Qg6 18. Qg3 Qf6 19. Rad1 Rfe8 20. Ne4 Qc6 21. d5 Qh6 22. h3 Ba4 23. d6 Bxb3 24. Qxb3 Rcd8 25. Qb5 Qg6 26. Nf6+ gxf6 27. Rxe8+ Rxe8 28. Qxe8+ Kg7 29. d7 1-0

[Event "RUS-chT Women Rapid 2019"]
[Site "Sochi"]
[Date "2019.10.18"]
[Round "1.12"]
[White "Mikheeva, Galina"]
[Black "Illina, Natalia"]
[Result "0-1"]
[ECO "B23"]
[WhiteElo "1881"]
[BlackElo "2081"]
[Annotator "NA"]
[PlyCount "66"]
[EventDate "2019.10.18"]
[EventType "swiss"]
[EventCountry "RUS"]
[SourceTitle "playchess.com"]
[Source "ChessBase"]
[SourceQuality "1"]
[TimeControl "900+10"]

1. e4 c5 2. Nc3 e6 3. g3 d5 4. exd5 exd5 5. Bg2 Nf6 6. d3 Be7 7. Nf3 d4 8. Ne2 O-O 9. O-O Nc6 10. h3 Re8 11. Bf4 Nd5 12. Re1 Be6 13. Qd2 h6 14. g4 Bd6 15. Bxd6 Qxd6 16. c4 dxc3 17. bxc3 Rad8 18. Rad1 Re7 19. d4 Red7 20. Ng3 cxd4 21. cxd4 Qb4 22. Ne5 Nxe5 23. dxe5 Nc3 24. a3 Rxd2 25. Rxd2 Qa5 26. Rxd8+ Qxd8 27. Bxb7 Bd5 28. Bxd5 Qxd5 29. Re3 Qd1+ 30. Kg2 Nd5 31. Re4 Qd2 32. a4 Nf4+ 33. Kf3 Nxh3 0-1

[Event "RUS-chT Women Rapid 2019"]
[Site "Sochi"]
[Date "2019.10.18"]
[Round "2.2"]
[White "Girya, Olga"]
[Black "Ovod, Evgenija"]
[Result "0-1"]
[ECO "D55"]
[WhiteElo "2476"]
[BlackElo "2347"]
[Annotator "ChessBase"]
[PlyCount "106"]
[EventDate "2019.10.18"]
[EventType "swiss"]
[EventCountry "RUS"]
[SourceTitle "playchess.com"]
[Source "ChessBase"]
[SourceQuality "1"]
[TimeControl "900+10"]

1. d4 d5 2. c4 e6 3. Nf3 Nf6 4. Bg5 Be7 5. e3 O-O 6. Nc3 h6 7. Bxf6 Bxf6 8. Rc1 b6 9. cxd5 exd5 10. Qb3 Be6 11. Be2 c5 12. O-O Nc6 13. Qa4 cxd4 14. exd4 Ne7 15. Ne5 Ng6 16. Nxg6 fxg6 17. Qc6 Bf7 18. Rcd1 Rc8 19. Qb5 Qd6 20. Bf3 Rfd8 21. Rfe1 Rc4 22. Nxd5 Bxd5 23. Re8+ Kh7 24. Rxd8 Qxd8 25. Bxd5 Rxd4 26. Rxd4 Bxd4 27. b3 Qg5 28. g3 Qd2 29. Qf1 Bxf2+ 30. Qxf2 Qxd5 31. Qe2 a5 32. h4 b5 33. Qc2 Qf5 34. Qd1 b4 35. Qe2 g5 36. hxg5 Qxg5 37. Kg2 h5 38. Qd3+ g6 39. Qd7+ Kh6 40. Qd4 Qe7 41. Qh8+ Kg5 42. Qd4 Qe2+ 43. Kg1 Qe1+ 44. Kg2 Qe2+ 45. Kg1 Kf5 46. Qd7+ Ke4 47. Qe6+ Kf3 48. Qf6+ Kxg3 49. Qxg6+ Kh3 50. Qf5+ Qg4+ 51. Qxg4+ hxg4 52. Kh1 g3 53. Kg1 g2 0-1

[Event "RUS-chT Women Rapid 2019"]
[Site "Sochi"]
[Date "2019.10.18"]
[Round "2.4"]
[White "Kovanova, Baira"]
[Black "Styazhkina, Anna"]
[Result "0-1"]
[ECO "A06"]
[WhiteElo "2344"]
[BlackElo "2280"]
[Annotator "NA"]
[PlyCount "70"]
[EventDate "2019.10.18"]
[EventType "swiss"]
[EventCountry "RUS"]
[SourceTitle "playchess.com"]
[Source "ChessBase"]
[SourceQuality "1"]
[TimeControl "900+10"]

1. Nf3 d5 2. g3 c6 3. Bg2 Bg4 4. O-O Nd7 5. d3 e6 6. Nbd2 Bd6 7. e4 Ne7 8. h3 Bh5 9. b3 O-O 10. Bb2 f5 11. Qe1 Nc5 12. Nd4 Qd7 13. e5 Bc7 14. f4 Na6 15. a4 Nb4 16. Rc1 a6 17. N4f3 c5 18. d4 Bb6 19. Qe3 Rac8 20. c3 cxd4 21. Nxd4 Nbc6 22. N2f3 Na5 23. Nd2 Nec6 24. Kh2 Nxd4 25. cxd4 Qe7 26. Bc3 Nc6 27. Rb1 Nb4 28. Bb2 Rc2 29. Ba3 Rfc8 30. Rfc1 a5 31. Rxc2 Rxc2 32. Rc1 Rxc1 33. Bxc1 Qc7 34. Bb2 Qc2 35. Bf1 Qxb2 0-1

[Event "RUS-chT Women Rapid 2019"]
[Site "Sochi"]
[Date "2019.10.18"]
[Round "2.5"]
[White "Gunina, Valentina"]
[Black "Badelka, Olga"]
[Result "0-1"]
[ECO "D37"]
[WhiteElo "2509"]
[BlackElo "2413"]
[Annotator "ChessBase"]
[PlyCount "112"]
[EventDate "2019.10.18"]
[EventType "swiss"]
[EventCountry "RUS"]
[SourceTitle "playchess.com"]
[Source "ChessBase"]
[SourceQuality "1"]
[TimeControl "900+10"]

1. d4 Nf6 2. c4 e6 3. Nf3 d5 4. Nc3 dxc4 5. e3 a6 6. a4 c5 7. Bxc4 Nc6 8. O-O cxd4 9. exd4 Be7 10. Re1 O-O 11. Bf4 Nb4 12. Ne5 Nbd5 13. Bg3 Bd7 14. Rc1 Rc8 15. Bd3 Bc6 16. Bb1 Nxc3 17. bxc3 Ba3 18. Nxc6 Rxc6 19. Rc2 Qa5 20. c4 Rd8 21. Be5 Nd7 22. Bf4 Nf6 23. Be5 Nd7 24. Rce2 Bb4 25. Qc2 g6 26. Rd1 Nxe5 27. Rxe5 Qc7 28. c5 Rxd4 29. Rxd4 Qxe5 30. Rd8+ Kg7 31. g3 Rxc5 32. Qb3 a5 33. Kg2 Rc3 34. Qd1 Bc5 35. Rd7 Qf6 36. f4 b6 37. Kh1 Ba3 38. Kg2 Rc1 39. Qb3 Qb2+ 40. Qxb2+ Bxb2 41. Bd3 Ba3 42. Bb5 Rc2+ 43. Kf3 Rxh2 44. Rb7 Bc5 45. Be8 Rf2+ 46. Kg4 h5+ 47. Kg5 Rg2 48. Rxf7+ Kg8 49. Rd7 Kf8 50. Bxg6 Rxg3+ 51. Kf6 Be7+ 52. Rxe7 Rxg6+ 53. Kxg6 Kxe7 54. Kxh5 b5 55. axb5 a4 56. b6 Kd6 0-1

[Event "RUS-chT Women Rapid 2019"]
[Site "Sochi"]
[Date "2019.10.18"]
[Round "2.6"]
[White "Sukhareva, Evgeniya"]
[Black "Bivol, Alina"]
[Result "1-0"]
[ECO "E71"]
[WhiteElo "2122"]
[BlackElo "2371"]
[Annotator "NA"]
[PlyCount "93"]
[EventDate "2019.10.18"]
[EventType "swiss"]
[EventCountry "RUS"]
[SourceTitle "playchess.com"]
[Source "ChessBase"]
[SourceQuality "1"]
[TimeControl "900+10"]

1. d4 Nf6 2. c4 g6 3. Nc3 Bg7 4. e4 d6 5. h3 O-O 6. Bd3 e5 7. d5 a5 8. Nge2 Na6 9. g4 Nc5 10. Ng3 Nxd3+ 11. Qxd3 c6 12. Be3 cxd5 13. cxd5 b6 14. a4 Ba6 15. Nb5 Nd7 16. Ne2 Nc5 17. Qc2 Rc8 18. Nec3 Qd7 19. g5 f5 20. gxf6 Rxf6 21. Kd2 Bh6 22. Rh2 Bf4 23. Rah1 Bxh2 24. Rxh2 Rf3 25. Qd1 Rcf8 26. Kc1 Bxb5 27. axb5 a4 28. h4 Nb3+ 29. Kb1 Rxe3 30. fxe3 Rf1 31. Qxf1 Qg4 32. Rf2 Qxh4 33. Rf8+ Kg7 34. Rf2 Kg8 35. Ka2 Qd8 36. Nxa4 Na5 37. Nc3 Qa8 38. Na4 Nb7 39. b3 Nc5 40. Qc4 Qa5 41. Qc3 Qa7 42. Ka3 Kg7 43. Qc2 h5 44. Rf1 Qa5 45. Qf2 Qa8 46. Qf7+ Kh6 47. Rg1 1-0

[Event "RUS-chT Women Rapid 2019"]
[Site "Sochi"]
[Date "2019.10.18"]
[Round "2.7"]
[White "Maltsevskaya, Aleksandra"]
[Black "Dumcheva, Julia"]
[Result "1-0"]
[ECO "B90"]
[WhiteElo "2333"]
[BlackElo "2168"]
[Annotator "NA"]
[PlyCount "61"]
[EventDate "2019.10.18"]
[EventType "swiss"]
[EventCountry "RUS"]
[SourceTitle "playchess.com"]
[Source "ChessBase"]
[SourceQuality "1"]
[TimeControl "900+10"]

1. e4 c5 2. Nf3 d6 3. d4 cxd4 4. Nxd4 Nf6 5. Nc3 a6 6. h3 e6 7. g4 Nc6 8. Bg2 Be7 9. Be3 Ne5 10. Qe2 Qc7 11. O-O Bd7 12. Rad1 Nc4 13. Bc1 O-O-O 14. g5 Ne8 15. Nf5 Bf8 16. Ne3 Nxe3 17. Bxe3 f6 18. f4 Bc6 19. f5 exf5 20. exf5 Bxg2 21. Qxg2 Qc6 22. Nd5 Nc7 23. c4 Nxd5 24. cxd5 Qb5 25. Rc1+ Kb8 26. Qc2 Qd7 27. Qc3 Be7 28. Qd4 b5 29. Rc6 Rc8 30. Rb6+ Kc7 31. Rb7+ 1-0

[Event "RUS-chT Women Rapid 2019"]
[Site "Sochi"]
[Date "2019.10.18"]
[Round "2.8"]
[White "Trapeznikova, Darya"]
[Black "Gvanceladze, Anna"]
[Result "0-1"]
[ECO "A06"]
[WhiteElo "2065"]
[BlackElo "2270"]
[Annotator "NA"]
[PlyCount "92"]
[EventDate "2019.10.18"]
[EventType "swiss"]
[EventCountry "RUS"]
[SourceTitle "playchess.com"]
[Source "ChessBase"]
[SourceQuality "1"]
[TimeControl "900+10"]

1. Nf3 d5 2. e3 Nf6 3. c4 c6 4. Nc3 g6 5. d4 Bg7 6. Bd3 O-O 7. b3 Bg4 8. h3 Bxf3 9. Qxf3 e6 10. O-O Nbd7 11. Bb2 Re8 12. cxd5 exd5 13. b4 a6 14. a4 b5 15. axb5 axb5 16. Rxa8 Qxa8 17. Ra1 Qb7 18. e4 Nb6 19. e5 Nfd7 20. Bc1 Nf8 21. Ne2 Ra8 22. Rb1 Ne6 23. h4 Qe7 24. h5 Qh4 25. hxg6 hxg6 26. Nf4 Nxf4 27. Bxf4 Ra3 28. g3 Qh3 29. Qe2 Qe6 30. Bc1 Ra4 31. Qc2 Nc4 32. Kg2 Bf8 33. Bxc4 dxc4 34. Qc3 Qf5 35. Ra1 Qe4+ 36. Kh2 Bxb4 37. Qb2 Rxa1 38. Qxa1 c3 39. Be3 Kg7 40. Qc1 Qf5 41. Kg2 c2 42. Bg5 Bf8 43. Bf6+ Kg8 44. Qh1 Bg7 45. Be7 Qe4+ 46. f3 Qxd4 0-1

[Event "RUS-chT Women Rapid 2019"]
[Site "Sochi"]
[Date "2019.10.18"]
[Round "2.9"]
[White "Ambartsumova, Karina"]
[Black "Tomilova, Elena"]
[Result "1/2-1/2"]
[ECO "A28"]
[WhiteElo "2341"]
[BlackElo "2345"]
[Annotator "NA RC"]
[PlyCount "131"]
[EventDate "2019.10.18"]
[EventType "swiss"]
[EventCountry "RUS"]
[SourceTitle "playchess.com"]
[Source "ChessBase"]
[SourceQuality "1"]
[TimeControl "900+10"]

1. c4 e5 2. Nc3 Nf6 3. Nf3 Nc6 4. a3 d5 5. cxd5 Nxd5 6. Qc2 Be7 7. e3 O-O 8. Nxd5 Qxd5 9. Bc4 Qd6 10. b4 Bf6 11. Rb1 Bg4 12. Bb2 Rfe8 13. d3 Rad8 14. Nd2 Bf5 15. Ne4 Bxe4 16. dxe4 a6 17. O-O Qe7 18. Bc3 b5 19. Bd5 Nb8 20. Bb2 c6 21. Bb3 Rc8 22. Rfd1 Nd7 23. Rbc1 c5 24. bxc5 Rxc5 25. Qd2 Rxc1 26. Bxc1 Nb6 27. Qd6 Qxd6 28. Rxd6 Rb8 29. f3 Kf8 30. Kf2 Ke8 31. f4 Be7 32. Rc6 Kd7 33. Rc2 f6 34. Bb2 Bd6 35. Kf3 Nc4 36. Bxc4 bxc4 37. Bc1 Rc8 38. Bb2 a5 39. a4 Ke6 40. Bc3 Bb4 41. Rc1 Bxc3 42. Rxc3 Kd6 43. Rc1 Kc5 44. Rb1 c3 45. Ke2 c2 46. Rf1 Kb4 47. Kd2 Kxa4 48. Kc1 Kb3 49. fxe5 Kc3 50. Rf2 Kd3 51. exf6 gxf6 52. Rxf6 Kxe4 53. Re6+ Kd3 54. e4 a4 55. Ra6 Rc4 56. e5 Kc3 57. e6 Re4 58. Rc6+ Kd3 59. Rd6+ Kc3 60. Rc6+ Kb3 61. Rb6+ Kc3 62. Rc6+ Kd3 63. Rd6+ Kc3 64. Rc6+ Kb3 65. Rb6+ Kc3 66. Rc6+ 1/2-1/2

[Event "RUS-chT Women Rapid 2019"]
[Site "Sochi"]
[Date "2019.10.18"]
[Round "2.10"]
[White "Gritsayeva, Oksana"]
[Black "Shafigullina, Zarina"]
[Result "0-1"]
[ECO "B31"]
[WhiteElo "2370"]
[BlackElo "2295"]
[Annotator "NA"]
[PlyCount "64"]
[EventDate "2019.10.18"]
[EventType "swiss"]
[EventCountry "RUS"]
[SourceTitle "playchess.com"]
[Source "ChessBase"]
[SourceQuality "1"]
[TimeControl "900+10"]

1. e4 c5 2. Nf3 Nc6 3. Bb5 g6 4. Bxc6 bxc6 5. O-O Bg7 6. Re1 Nh6 7. c3 f6 8. d4 Qb6 9. e5 fxe5 10. dxc5 Qxc5 11. Bxh6 Bxh6 12. Rxe5 Qb6 13. Qe2 e6 14. Na3 O-O 15. Nc4 Qc7 16. Ncd2 Bf4 17. Re4 d5 18. Ra4 e5 19. g3 Bh6 20. Rh4 Bg7 21. Re1 e4 22. Nd4 Bf6 23. Rf4 g5 24. Rxf6 Rxf6 25. Qe3 h6 26. b4 Bg4 27. N2b3 Raf8 28. Nc5 Qf7 29. f3 Bxf3 30. Ncb3 Bg4 31. Nd2 Bh3 32. Qe2 Rf2 0-1

[Event "RUS-chT Women Rapid 2019"]
[Site "Sochi"]
[Date "2019.10.18"]
[Round "2.11"]
[White "Yakimova, Mariya"]
[Black "Vasilevich, Tatjana"]
[Result "1/2-1/2"]
[ECO "A64"]
[WhiteElo "2276"]
[BlackElo "2360"]
[Annotator "NA"]
[PlyCount "103"]
[EventDate "2019.10.18"]
[EventType "swiss"]
[EventCountry "RUS"]
[SourceTitle "playchess.com"]
[Source "ChessBase"]
[SourceQuality "1"]
[TimeControl "900+10"]

1. d4 Nf6 2. c4 e6 3. g3 c5 4. d5 exd5 5. cxd5 d6 6. Nc3 g6 7. Nf3 Bg7 8. Bg2 O-O 9. O-O a6 10. a4 Re8 11. Nd2 Nbd7 12. Nc4 Ne5 13. Nxe5 Rxe5 14. e4 Re8 15. Bg5 h6 16. Bd2 Rb8 17. a5 b5 18. axb6 Qxb6 19. Na4 Qc7 20. Qc2 Bd7 21. Bc3 Bb5 22. Rfe1 Ng4 23. Bxg7 Kxg7 24. f4 Qa7 25. h3 c4+ 26. Kh1 Nf2+ 27. Kh2 Nd3 28. Reb1 h5 29. h4 Kg8 30. Nc3 Bd7 31. Nd1 Rec8 32. Qd2 Rb3 33. Ra5 Qb6 34. Rba1 Bb5 35. R1a2 Qd4 36. f5 Kg7 37. fxg6 fxg6 38. Qg5 Qe5 39. Nc3 Qxg5 40. hxg5 Nxb2 41. Nxb5 axb5 42. Ra7+ Kg8 43. R2a6 Nd3 44. Re7 c3 45. Raa7 Ne5 46. Rg7+ Kh8 47. Rh7+ Kg8 48. Rhg7+ Kf8 49. Rh7 Kg8 50. Rhg7+ Kh8 51. Rh7+ Kg8 52. Rhg7+ 1/2-1/2

[Event "RUS-chT Women Rapid 2019"]
[Site "Sochi"]
[Date "2019.10.18"]
[Round "2.12"]
[White "Illina, Natalia"]
[Black "Markelova, Lubov"]
[Result "1-0"]
[ECO "C07"]
[WhiteElo "2081"]
[BlackElo "2198"]
[Annotator "NA"]
[PlyCount "111"]
[EventDate "2019.10.18"]
[EventType "swiss"]
[EventCountry "RUS"]
[SourceTitle "playchess.com"]
[Source "ChessBase"]
[SourceQuality "1"]
[TimeControl "900+10"]

1. e4 e6 2. d4 d5 3. Nd2 c5 4. exd5 Qxd5 5. Ngf3 cxd4 6. Bc4 Qd6 7. O-O Nf6 8. Nb3 Nc6 9. Nbxd4 Nxd4 10. Nxd4 a6 11. Re1 Qc7 12. Bb3 Bd6 13. Nf5 Bxh2+ 14. Kh1 h5 15. Nxg7+ Kf8 16. Qd4 e5 17. Qb4+ Kxg7 18. Kxh2 Ng4+ 19. Kg1 Bf5 20. Qc3 Qxc3 21. bxc3 Rhe8 22. f3 Nf6 23. Ba3 b5 24. Bd6 e4 25. Bc5 Kg6 26. a4 exf3 27. gxf3 bxa4 28. Bxa4 Rxe1+ 29. Rxe1 Be6 30. Kf2 h4 31. Rg1+ Kf5 32. Be3 Nd5 33. Bd2 Rh8 34. Rg5+ Kf6 35. Bc6 Ne7 36. Be4 Ng6 37. c4 h3 38. Rxg6+ fxg6 39. Bc3+ Kg5 40. Bxh8 Bxc4 41. Kg3 Be6 42. Bg7 Kh5 43. f4 g5 44. f5 Bc4 45. Bf3+ g4 46. Bxg4+ Kg5 47. Bxh3 a5 48. Ba1 a4 49. Kf3 Bd5+ 50. Ke3 Kh4 51. Bf1 Kg5 52. Bd3 a3 53. Kd4 Bf7 54. c4 Kf6 55. c5 Ke7 56. Ke5 1-0

[Event "RUS-chT Women Rapid 2019"]
[Site "Sochi"]
[Date "2019.10.18"]
[Round "3.1"]
[White "Lysenko, Margarita"]
[Black "Bodnaruk, Anastasia"]
[Result "1-0"]
[ECO "D70"]
[WhiteElo "2243"]
[BlackElo "2419"]
[Annotator "NA"]
[PlyCount "161"]
[EventDate "2019.10.18"]
[EventType "swiss"]
[EventCountry "RUS"]
[SourceTitle "playchess.com"]
[Source "ChessBase"]
[SourceQuality "1"]
[TimeControl "900+10"]

1. d4 Nf6 2. c4 g6 3. Nf3 Bg7 4. g3 O-O 5. Bg2 c6 6. O-O d5 7. Qb3 a5 8. cxd5 a4 9. Qd1 cxd5 10. Nc3 Ne4 11. Nd2 Nxc3 12. bxc3 Nc6 13. e4 Be6 14. Ba3 Qa5 15. exd5 Bxd5 16. Bxd5 Qxd5 17. Qf3 Qa5 18. Ne4 b6 19. Rab1 Rac8 20. Qd3 Qd5 21. Qe2 Na5 22. Rb5 Qd7 23. Rfb1 Nc4 24. Bc1 Rfe8 25. R5b4 Qd5 26. Rxa4 e5 27. Qf3 Qc6 28. Ra7 f5 29. Ng5 e4 30. Qf4 Nd6 31. Qh4 h6 32. Nh3 Nf7 33. Bd2 Ra8 34. Rxa8 Rxa8 35. Rb2 Bf6 36. Qf4 Qc4 37. Rxb6 Kg7 38. Rb2 Rxa2 39. Rxa2 Qxa2 40. Qe3 Ng5 41. Kg2 Nf7 42. Nf4 Nd6 43. Nh3 g5 44. Qe1 Nc4 45. Be3 Kg6 46. Ng1 Be7 47. Ne2 Bd6 48. Ng1 Qc2 49. Qc1 Qa2 50. Qe1 Kg7 51. Nh3 Qc2 52. Qc1 Qd3 53. Ng1 Ba3 54. Qe1 Bb2 55. Qe2 Bxc3 56. h4 Kg6 57. h5+ Kf6 58. Qa2 Nxe3+ 59. fxe3 Qd2+ 60. Qxd2 Bxd2 61. Kf2 Ke6 62. Ke2 Bb4 63. Nh3 Bd6 64. Kf2 Kd5 65. Ng1 Kc4 66. Ne2 Ba3 67. Ng1 Kd3 68. Ne2 Bb4 69. g4 fxg4 70. Ng3 Bd2 71. Nf5 Bc1 72. d5 Bb2 73. d6 Bf6 74. d7 Bd8 75. Nxh6 g3+ 76. Kxg3 Kxe3 77. Nf7 Bc7+ 78. Kg2 Kf4 79. h6 e3 80. h7 e2 81. Kf2 1-0

[Event "RUS-chT Women Rapid 2019"]
[Site "Sochi"]
[Date "2019.10.18"]
[Round "3.2"]
[White "Ovod, Evgenija"]
[Black "Sudakova, Irina"]
[Result "1-0"]
[ECO "C42"]
[WhiteElo "2347"]
[BlackElo "2288"]
[Annotator "NA"]
[PlyCount "75"]
[EventDate "2019.10.18"]
[EventType "swiss"]
[EventCountry "RUS"]
[SourceTitle "playchess.com"]
[Source "ChessBase"]
[SourceQuality "1"]
[TimeControl "900+10"]

1. e4 e5 2. Nf3 Nf6 3. Nxe5 d6 4. Nf3 Nxe4 5. Nc3 Nf6 6. d4 d5 7. Bd3 Be7 8. h3 c6 9. Ne2 Na6 10. c3 Nc7 11. Ne5 Ne4 12. O-O f6 13. Nc4 Be6 14. Ne3 Qd7 15. Qc2 f5 16. f3 Nd6 17. Nf4 Rf8 18. Nxe6 Qxe6 19. Bd2 O-O-O 20. Rae1 Bh4 21. Nxf5 Bxe1 22. Rxe1 Qf6 23. Ne7+ Kb8 24. Bxh7 Rfe8 25. Ng6 Ne6 26. Ne5 Nc4 27. Bg6 Rf8 28. Ng4 Qe7 29. Bc1 Qd6 30. b3 Nb6 31. Ne5 Qc7 32. Bf5 Rf6 33. Ng4 Qg3 34. Re5 Nd7 35. Re2 Nf4 36. Bxf4+ Qxf4 37. Bxd7 Rxd7 38. Nxf6 1-0